[Event "*** Titled Tuesday 3|2 Blitz"]
[Site "Chess.com"]
[Date "2016.10.04"]
[Round "2"]
[White "GeorgMeier"]
[Black "GM_Levan_Pantsulaia"]
[Result "1-0"]
[WhiteElo "2726"]
[BlackElo "2457"]
[TimeControl "180+2"]
[EndTime "11:22:06 PDT"]
[Termination "GeorgMeier won on time"]

1. Nf3 c5 2. g3 b6 3. Bg2 Bb7 4. c4 g6 5. Nc3 Bg7 6. b3 Nc6 7. Bb2 Nh6 8. O-O O-O 9. e3 Nf5 10. Qb1 e6 11. Ne2 d5 12. Bxg7 Kxg7 13. Qb2+ Qf6 14.
Qxf6+ Kxf6 15. cxd5 exd5 16. Nf4 Rad8 17. g4 Nfe7 18.
g5+ Kg7 19. a3 a5 20. d4 cxd4 21. Nxd4 Nxd4 22. exd4 Nf5 23. Rfd1 h6 24. gxh6+ Kxh6 25. Rac1 Rd7 26. Bh3 Kg5 27. Nd3 Re7 28. f4+ Kh6 29. Bxf5 gxf5 30. Re1 Re4 31. Rc7 Ba6 32. Rxe4 fxe4 33.
Ne5 f6 34. Ng4+ Kg6 35. Ne3 Rh8 36. Kg2 Be2 37. Kg3 b5 38. f5+ Kh5 39. Nxd5 Kg5 40. Ne3 b4 41. axb4 axb4 42. Rg7+ Kh5 43. h4 Kh6 44.
Rg6+ 1-0

[Event "*** Titled Tuesday 3|2 Blitz"]
[Site "Chess.com"]
[Date "2016.10.04"]
[Round "2"]
[White "ZapataCharlesS"]
[Black "Holden-Caulfield"]
[Result "1-0"]
[WhiteElo "2593"]
[BlackElo "2472"]
[TimeControl "180+2"]
[EndTime "11:22:08 PDT"]
[Termination "ZapataCharlesS won by resignation"]

1. e4 d6 2. d4 Nf6 3. f3 e5 4.
d5 Nbd7 5. Be3 c6 6. c4 Be7 7.
Nc3 O-O 8. Nge2 Nh5 9. Qd2 Nb6 10. b3 cxd5 11. cxd5 Nd7 12. Rc1 a6 13. g4 Bh4+ 14. Bf2 Bxf2+ 15. Kxf2 Nhf6 16. Ng3 Nc5 17. h4 Qb6 18.
Kg2 Bd7 19. Be2 Rfc8 20. g5 Ne8 21. Nf5 Qd8 22. Rh3 b5 23. Rg3 b4 24. Nd1 Bb5 25.
Bxb5 axb5 26. Nf2 Kf8 27. Rc2 g6 28. Ne3 Qa5 29. Nfg4 Ng7 30. Nf6 Ke7 31. h5 Nxh5 32. Nxh5 gxh5 33. Nf5+ Kd7 34. Rh3 Nb7 35. Rb2 Rc3 36.
Rxh5 Rh8 37. Rh6 Qd8 38. Rf6 Ke8 39. Ng7+ Ke7 40. Nf5+ Ke8 41. a4 Rg8 42. Kh2 Nc5 43. Nxd6+ Ke7 44. Nxf7 Qc8 45. d6+ Ke8 46. Qd5 Rg6 47.
d7+ Qxd7 48. Nd6+ Kd8 49. Rf8+ Kc7 50. Nxb5+ Kb6 51. Rb8+ Ka6 52. Qa8+ 1-0

[Event "*** Titled Tuesday 3|2 Blitz"]
[Site "Chess.com"]
[Date "2016.10.04"]
[Round "2"]
[White "SCIM"]
[Black "tango_argentino"]
[Result "1/2-1/2"]
[WhiteElo "2284"]
[BlackElo "2352"]
[TimeControl "180+2"]
[EndTime "11:22:09 PDT"]
[Termination "Game drawn - insufficient material"]

1. d4 Nf6 2. c4 g6 3. Nc3 Bg7 4. e4 d6 5. f3 O-O 6. Be3 c6 7.
Nge2 a6 8. c5 b5 9. cxb6 Qxb6 10. Qd2 a5 11. g3 Ba6 12. Bg2 Nbd7 13. O-O Rfb8 14. b3 Qb7 15. Rfc1 c5 16. dxc5 Nxc5 17. e5 Ne8 18. f4 Qb4 19. Bxa8 Rxa8 20. Nd4 Bb7 21.
Ncb5 Ne4 22. Qxb4 axb4 23. exd6 N8xd6 24. Nxd6 exd6 25. Rc7 Bd5 26. Rac1 Rxa2 27. Rc8+ Bf8 28. f5 Kg7 29. R1c2 Ra1+ 30. Rc1 Ra2 31. R8c2 Ra3 32.
Nb5 Rxb3 33. Bd4+ Kh6 34. Rc8 Be7 35. R8c7 Bg5 36. Re1 Nd2 37. Rf1 Nxf1 38. Kxf1 Rf3+ 39. Ke2 Rxf5 40. Nxd6 Rf3 41. Rc5 Ba8 42. Rc8 Bd5 43. Rc5 Ba8 44. Rc8 Ra3 45. Nxf7+ Kh5 46. Rc5 h6 47. h4 Rxg3 48. hxg5 hxg5 49. Rc8 Bd5 50. Rh8+ Kg4 51. Ne5+ Kf5 52. Rf8+ Ke4 53. Bb2 Rg2+ 54. Rf2 Rxf2+ 55. Kxf2 g4 56. Nxg6 Kd3 57. Kg3 Kc2 58. Bd4 b3 59. Nf4 b2 60. Bxb2 Kxb2 61. Nxd5 Ka2 62.
Kxg4 1/2-1/2

[Event "*** Titled Tuesday 3|2 Blitz"]
[Site "Chess.com"]
[Date "2016.10.04"]
[Round "2"]
[White "Blitzstream"]
[Black "VMikhalevski"]
[Result "0-1"]
[WhiteElo "2546"]
[BlackElo "2462"]
[TimeControl "180+2"]
[EndTime "11:22:12 PDT"]
[Termination "VMikhalevski won by resignation"]

1. d4 Nf6 2. Bg5 Ne4 3. Bh4 c5 4. f3 g5 5. fxe4 gxh4 6. e3 d5 7. exd5 Qxd5 8. Nf3 h3 9. Nc3 Qe6 10. e4 cxd4 11. Qxd4 Rg8 12. Nd5 Qd6 13. e5 Qd8 14. O-O-O Nc6 15. Qe4 Qa5 16. Bb5 Rg6 17. Nf6+ Rxf6 18.
exf6 Qxb5 19. fxe7 Nxe7 20. Rhe1 Bf5 21. Qf4 Bd7 22.
Nd4 Qb6 23. Nf5 Bxf5 24. Qxf5 Qc6 25. gxh3 Rc8 26. Qxh7 Qg6 27. Qxg6 fxg6 28. Rf1 Bg7 29. Rde1 Rc7 30. Re6 Kd7 31. Re3 Bh6 32. Rf3 Rc6 33.
Kd1 Bxe3 34. Rxe3 Nf5 35. Rd3+ Rd6 36. Ke2 Rxd3 37. Kxd3 Ke6 38. c4 Ke5 39. b4 b6 40.
a4 Ne7 41. Ke3 Nc6 42. b5 Na5 43. Kd3 Nb3 44. Kc3 Nc5 45. Kb4 Kd4 46. a5 Kd3 47.
axb6 axb6 48. h4 Kc2 49. Ka3 Kc3 50. Ka2 Kxc4 51. Kb2 Kxb5 52. Kc3 Kc6 53. Kd4 Kd6 54. Ke3 Ke5 55. Kd2 Kd4 56. h3 b5 0-1

[Event "*** Titled Tuesday 3|2 Blitz"]
[Site "Chess.com"]
[Date "2016.10.04"]
[Round "2"]
[White "pedromartinez91"]
[Black "bugsbunny444"]
[Result "1-0"]
[WhiteElo "2353"]
[BlackElo "2337"]
[TimeControl "180+2"]
[EndTime "11:22:29 PDT"]
[Termination "pedromartinez91 won by resignation"]

1. Nf3 d5 2. g3 Nc6 3. Bg2 e5 4. c4 d4 5. d3 Bb4+ 6. Bd2 a5 7. O-O Nf6 8. Bg5 O-O 9. Nbd2 Be7 10. Rc1 h6 11. Bxf6 Bxf6 12. c5 Be6 13. Qa4 Bd5 14.
a3 Re8 15. Ne1 Bg5 16. Rc2 Bxg2 17. Kxg2 Bxd2 18. Rxd2 Qd5+ 19. Nf3 Qxc5 20. Rc2 Qb6 21. Rfc1 e4 22. dxe4 Rxe4 23. Nd2 Re7 24. Qc4 Rae8 25. Nf3 Re4 26. Qd5 R8e7 27. Rd1 Rxe2 28. Rxe2 Rxe2 29. Nxd4 Nxd4 30. Rxd4 c6 31. Qd7 g5 32. Rd2 Rxd2 33.
Qxd2 Qb5 34. Qc3 Qd5+ 35. Kg1 Kh7 36. Qf6 b5 37. h4 a4 38. hxg5 hxg5 39. Kh2 Kg8 40. Kh3 Kh7 41. Kg4 Qe4+ 42. Kxg5 Qd5+ 43. Qf5+ Qxf5+ 44. Kxf5 c5 45. g4 Kg7 46. Ke4 b4 47. Kd5 bxa3 48. bxa3 Kg6 49. f4 Kf6 50. Kxc5 Ke6 51.
Kb4 Kd5 52. Kxa4 Ke4 53. Kb4 Kxf4 54. a4 Kxg4 55. a5 f5 56. a6 f4 57. a7 f3 58.
a8=Q Kg3 59. Qg8+ Kh2 60. Qh7+ Kg1 61. Qg6+ Kh1 62. Qh5+ Kg2 63. Qg4+ Kf2 64. Kc3 Ke2 65. Qe4+ 1-0

[Event "*** Titled Tuesday 3|2 Blitz"]
[Site "Chess.com"]
[Date "2016.10.04"]
[Round "2"]
[White "Mastervlad8"]
[Black "BCNUM8"]
[Result "1/2-1/2"]
[WhiteElo "2157"]
[BlackElo "2140"]
[TimeControl "180+2"]
[EndTime "11:22:29 PDT"]
[Termination "Game drawn by agreement"]

1. e4 g6 2. d4 d6 3. Nf3 Bg7 4. Nc3 Nf6 5. Bg5 c5 6. d5 Qa5 7. Qd2 h6 8. Bh4 a6 9. e5 dxe5 10. Nxe5 O-O 11. Nc4 Qd8 12. a4 Nbd7 13. Be2 Nb6 14.
Ne3 g5 15. Bg3 e6 16. d6 Bd7 17. a5 Nbd5 18. Ncxd5 Nxd5 19. Nxd5 exd5 20. O-O Bc6 21. Bf3 Bxb2 22. Rab1 Qf6 23. Bxd5 Bc3 24. Qd1 Bxa5 25. Bxc6 bxc6 26. Qg4 Rad8 27. Rfd1 Bc3 28. h4 Bd4 29.
hxg5 hxg5 30. Qe4 Qe6 31. Qxc6 Qg4 32. Qf3 Qxf3 33. gxf3 f5 34. f4 g4 35. Rb6 Rf6 36.
Rxa6 Rfxd6 37. Rxd6 Rxd6 38. Kf1 Re6 39. Re1 Rxe1+ 40.
Kxe1 Kf7 41. Ke2 Ke6 42. Kd3 Kd5 43. c3 Bf6 44. c4+ Kc6 45. Ke2 Kb6 46. f3 gxf3+ 47.
Kxf3 Ka5 48. Be1+ Ka4 49. Ke3 Kb3 50. Kd3 Bd4 51. Bd2 Bf2 52. Bc1 Bd4 53. Bd2 Bf2 54.
Bc1 Bg3 55. Bd2 Kb2 56. Be3 Kb3 57. Bxc5 Bxf4 58. Bf2 Bd6 59. c5 Bc7 60. c6 Kb4 61. Kd4 Kb5 62. Kd5 f4 63. Be1 f3 1/2-1/2

[Event "*** Titled Tuesday 3|2 Blitz"]
[Site "Chess.com"]
[Date "2016.10.04"]
[Round "2"]
[White "Frolyanov_D"]
[Black "andretta"]
[Result "0-1"]
[WhiteElo "2421"]
[BlackElo "2252"]
[TimeControl "180+2"]
[EndTime "11:22:38 PDT"]
[Termination "andretta won on time"]

1. e4 c5 2. Nf3 d6 3. d4 cxd4 4.
Nxd4 Nf6 5. Nc3 g6 6. Be3 Bg7 7. f3 O-O 8. Qd2 Nc6 9. Bc4 Nxd4 10. Bxd4 Be6 11. Bb3 Qa5 12. O-O-O Rfc8 13. Nd5 Qxd2+ 14.
Rxd2 Bxd5 15. Bxd5 Nxd5 16. Bxg7 Nb4 17. Bh6 Nxa2+ 18. Kb1 Nb4 19. h4 a5 20. h5 a4 21.
hxg6 hxg6 22. Be3 f6 23. g4 a3 24. c3 Nc6 25. Rdh2 a2+ 26. Ka1 Na5 27. Rh8+ Kf7 28.
R8h7+ Ke6 29. Kxa2 Nc4+ 30. Kb3 Nxe3 31. f4 Nxg4 32.
Rg1 f5 33. exf5+ gxf5 34. Re1+ Kd5 35. Rexe7 Rab8 36. Rhf7 Rf8 37. Rg7 Nf2 38. Rxb7 Rxb7+ 39. Rxb7 Ke4 40. Kc4 Kxf4 41. b4 Ne4 42. b5 Ke5 43.
b6 d5+ 44. Kb4 Rc8 45. Re7+ Kf4 46. Kb5 Rxc3 47. Ka6 d4 48. Ka7 Rb3 49. b7 d3 50.
b8=Q+ Rxb8 51. Kxb8 d2 52. Rd7 Ke3 53. Kc7 Ke2 54.
Kc6 d1=Q 55. Rxd1 Kxd1 56. Kd5 Ke2 57. Ke5 Nd6 0-1

[Event "*** Titled Tuesday 3|2 Blitz"]
[Site "Chess.com"]
[Date "2016.10.04"]
[Round "2"]
[White "lexiel"]
[Black "Izoria123"]
[Result "0-1"]
[WhiteElo "2237"]
[BlackElo "2573"]
[TimeControl "180+2"]
[EndTime "11:22:49 PDT"]
[Termination "Izoria123 won by resignation"]

1. e4 d6 2. Nf3 Nf6 3. d3 c5 4. b3 g6 5. Bb2 Bg7 6. Nbd2 O-O 7. Be2 Nc6 8. Nf1 Bg4 9. Ne3 Bxf3 10. Bxf3 Qa5+ 11. Kf1 e6 12. h4 h5 13. Nc4 Qc7 14.
a4 a6 15. a5 Rad8 16. g4 hxg4 17. Bxg4 d5 18. exd5 Nxd5 19. Bxg7 Kxg7 20. h5 Rh8 21. Qf3 Nd4 22. Qd1 Qf4 23. Rg1 Nf6 24. hxg6 Rh2 25.
Qd2 Qxd2 26. Nxd2 Nxc2 27. Rc1 Nb4 28. Be2 Nxd3 29. gxf7+ Kxf7 30. Bxd3 Rxd3 31. Ke2 Rd5 32. Nf3 Rhh5 33. Rc4 Nd7 34. Rf4+ Rdf5 35. Rfg4 Ke7 36. Rg7+ Rf7 37. Rg8 Rhf5 38. R8g3 Ne5 39. Nxe5 Rxe5+ 40. Re3 Rxe3+ 41. Kxe3 Kd6 42. Rd1+ Kc6 43. f4 Rh7 44. Ke4 Rh3 45. Ke5 Re3+ 46. Kf6 Re4 47. Ke7 Rxf4 48. Rd6+ Kc7 49. Rd7+ Kc6 50. Rd6+ Kc7 51. Rd7+ Kb8 52. Kxe6 Rb4 53. Kd5 Rxb3 54. Kxc5 Rb5+ 55. Kd6 Rxa5 56. Rh7 Rb5 57. Rg7 Rb6+ 58. Kd7 Rc6 59. Rg5 Ka7 60.
Rf5 Rc1 61. Rg5 b5 62. Rg6 a5 63. Kd6 a4 0-1

[Event "*** Titled Tuesday 3|2 Blitz"]
[Site "Chess.com"]
[Date "2016.10.04"]
[Round "2"]
[White "dabee"]
[Black "avto24"]
[Result "1-0"]
[WhiteElo "2461"]
[BlackElo "2339"]
[TimeControl "180+2"]
[EndTime "11:22:57 PDT"]
[Termination "dabee won by checkmate"]

1. d4 d5 2. c4 c6 3. Nc3 e6 4. cxd5 exd5 5. Bf4 Nf6 6. e3 Be7 7. Bd3 O-O 8. Nge2 h6 9. O-O Nbd7 10. h3 Re8 11.
Qc2 Nf8 12. Rae1 Ne6 13. Bg3 c5 14. f3 Bd7 15. dxc5 Nxc5 16. Nd4 Bf8 17. Bf2 Rc8 18.
Rd1 a6 19. Bf5 b5 20. Bxd7 Qxd7 21. Qf5 Qb7 22. a3 Ne6 23. Nde2 Red8 24. Bh4 Be7 25. Rd2 Qa7 26. Bf2 Bc5 27. Nd4 Bxd4 28. exd4 Rc4 29. Rfd1 Qd7 30. Bh4 Nf8 31. Qxd7 Rxd7 32. Bxf6 gxf6 33.
Kf2 Ne6 34. Ne2 b4 35. b3 Rc6 36. axb4 Rb7 37. Ra1 Rxb4 38. Rd3 Rcb6 39. Ra3 Kf8 40. Ke3 Ke7 41. Nf4 Kd6 42. Nh5 f5 43. g4 fxg4 44.
hxg4 Nc7 45. Ng7 Nb5 46. Ra4 Rxa4 47. bxa4 Nc7 48. Nf5+ Kd7 49. Rc3 Rf6 50. Kf4 Re6 51. Re3 Rb6 52. Re7+ Kd8 53. Rxf7 Rb4 54. Ke5 Rxa4 55.
Kd6 Ne8+ 56. Kc6 Ra3 57. Rd7+ Kc8 58. Ne7+ Kb8 59. Rd8+ Ka7 60. Nc8+ Kb8 61. Nb6+ Ka7 62. Ra8# 1-0

[Event "*** Titled Tuesday 3|2 Blitz"]
[Site "Chess.com"]
[Date "2016.10.04"]
[Round "2"]
[White "APL2001"]
[Black "BellJackson95"]
[Result "1-0"]
[WhiteElo "2423"]
[BlackElo "2337"]
[TimeControl "180+2"]
[EndTime "11:23:03 PDT"]
[Termination "APL2001 won by checkmate"]

1. e4 c5 2. Nf3 d6 3. d4 cxd4 4.
Nxd4 Nf6 5. Nc3 Nc6 6. Be2 e6 7. O-O a6 8. Be3 Be7 9. f4 O-O 10. Kh1 Bd7 11. Qe1 Rc8 12. Qg3 Nxd4 13. Bxd4 Bc6 14.
Rad1 Qc7 15. Bd3 Rfd8 16. a3 d5 17. exd5 Bxd5 18. Nxd5 Rxd5 19. Be5 Qb6 20. c4 Rdd8 21. b4 Ne8 22. c5 Qc6 23. Qe3 Nf6 24. Qh3 g6 25.
Qh4 Nd5 26. Qh6 Bf8 27. Qh3 Bg7 28. Be4 Qe8 29. Qf3 Qc6 30. Rd2 f5 31. Bc2 Bxe5 32.
fxe5 b6 33. cxb6 Qxb6 34. Rfd1 Re8 35. Bb3 Rc3 36. Rd3 Rxd3 37. Qxd3 Nf4 38. Qf3 g5 39. g3 Ng6 40. Rd6 Qb5 41. Bxe6+ Rxe6 42. Rxe6 Qc4 43.
Rc6 Qa2 44. Qc3 Qd5+ 45. Kg1 Nxe5 46. Rc8+ Kf7 47. Qc7+ Kg6 48. Qb6+ Kh5 49. Qe3 Ng4 50. Qe2 Qd4+ 51. Kh1 Qa1+ 52. Kg2 Qxa3 53. Rc7 Kg6 54. Rc6+ Kg7 55. Qe7+ Kg8 56. Rc8# 1-0

[Event "*** Titled Tuesday 3|2 Blitz"]
[Site "Chess.com"]
[Date "2016.10.04"]
[Round "2"]
[White "mwpchess"]
[Black "1stSecond"]
[Result "1-0"]
[WhiteElo "2455"]
[BlackElo "2532"]
[TimeControl "180+2"]
[EndTime "11:23:07 PDT"]
[Termination "mwpchess won by resignation"]

1. e4 c5 2. Nf3 e6 3. d4 cxd4 4.
Nxd4 Nc6 5. Nc3 Qc7 6. Be3 a6 7. Qd2 Nf6 8. f4 b5 9. e5 b4 10. Ncb5 axb5 11. Nxb5 Qa5 12. exf6 gxf6 13. Nd6+ Bxd6 14. Qxd6 b3+ 15. Kf2 bxc2 16. Bc5 Rb8 17. Rc1 Rxb2 18. Be2 Qc3 19. a4 Rb4 20. g3 Rxa4 21. Bb5 Rd4 22. Bxd4 Nxd4 23. Be2 Nb3 24. f5 Nd2 25. Qd3 Qc5+ 26. Ke1 Bb7 27. Rxc2 Qb4 28.
Qxd2 Qxd2+ 29. Kxd2 Ke7 30. Rb1 Be4 31. Bd3 Bd5 32. fxe6 fxe6 33. Ra1 Rb8 34. Ra7 Kd6 35. Ra6+ Ke5 36. Ra5 Kd6 37. Bc4 Be4 38. Rca2 f5 39. Ke3 Rb4 40. Bd3 Bd5 41. Rd2 h5 42. Bxf5 h4 43.
g4 Ke5 44. Raxd5+ exd5 45. Bxd7 Rb3+ 46. Kf2 d4 47. Bf5 h3 48. Rd3 Rxd3 49. Bxd3 Kf4 50.
Be2 d3 51. Bd1 d2 52. Be2 Ke4 53. Kg3 Ke3 54. Bd1 Ke4 55. Kxh3 Kf4 56. Kh4 Ke3 57.
g5 Kf2 58. Bg4 Kg2 59. h3 Kf2 60. g6 Kg1 61. g7 Kh2 62. Bh5 d1=Q 63. Bxd1 Kh1 1-0

[Event "*** Titled Tuesday 3|2 Blitz"]
[Site "Chess.com"]
[Date "2016.10.04"]
[Round "2"]
[White "Tash_Boy"]
[Black "FabianoCaruana"]
[Result "1/2-1/2"]
[WhiteElo "2460"]
[BlackElo "2679"]
[TimeControl "180+2"]
[EndTime "11:23:18 PDT"]
[Termination "Game drawn by repetition"]

1. e4 e5 2. Nf3 c6 3. d4 exd4 4. Qxd4 d5 5. Nc3 Nf6 6. Bg5 Be7 7. exd5 cxd5 8. Bb5+ Nc6 9. Qa4 O-O 10. O-O Be6 11.
Bxc6 bxc6 12. Qxc6 Rc8 13. Qa6 h6 14. Be3 Ne4 15. Bd4 Qc7 16. Rfe1 Bb4 17. Re3 Rfd8 18.
a3 Bxc3 19. bxc3 Rd6 20. Qxa7 Qxa7 21. Bxa7 Nxc3 22. Bd4 Na4 23. Be5 Ra6 24. Nd4 Bd7 25. h4 f6 26. Bg3 Nc5 27. Rb1 Ne4 28. Rb7 Bc6 29. Re7 Be8 30. c4 Bf7 31. cxd5 Nxg3 32. Rxg3 g5 33. hxg5 hxg5 34. Nf5 Kf8 35. d6 Rc5 36. d7 Ra8 37. Rd3 Rxf5 38. Rxf7+ Kxf7 39. d8=Q Rxd8 40. Rxd8 Ra5 41. Rd3 Ke6 42. Kf1 f5 43. Ke2 f4 44. Kf3 Kf5 45. g4+ fxg3 46. fxg3 Ra4 47.
Rb3 Ke5 48. Rb5+ Kf6 49. Rb3 Ke5 50. Ke3 Kf5 51. Kf3 Ke5 1/2-1/2

[Event "*** Titled Tuesday 3|2 Blitz"]
[Site "Chess.com"]
[Date "2016.10.04"]
[Round "2"]
[White "HovmoellerHest"]
[Black "GianmarcoVaR"]
[Result "0-1"]
[WhiteElo "2322"]
[BlackElo "2390"]
[TimeControl "180+2"]
[EndTime "11:23:23 PDT"]
[Termination "GianmarcoVaR won by resignation"]

1. d4 Nf6 2. c4 e6 3. Nc3 Bb4 4.
Qc2 O-O 5. a3 Bxc3+ 6. Qxc3 d6 7. Bg5 h6 8. Bh4 a5 9. e3 b6 10. Bd3 Bb7 11. f3 a4 12. Ne2 Nbd7 13. Bc2 c5 14.
Rd1 Qc7 15. e4 Rfc8 16. d5 e5 17. O-O Re8 18. Qd3 g5 19. Bf2 Nf8 20. Nc3 Qd7 21.
Rde1 Ng6 22. Qd1 Nf4 23. Bxa4 Qe7 24. Bxe8 Qxe8 25. Ne2 b5 26. cxb5 Qxb5 27. Nxf4 exf4 28. Qd2 Nd7 29. Rc1 Ne5 30. Rfd1 Ra4 31. Qc3 Rc4 32. Qd2 Ra4 33. Rc3 Ba6 34. Qc2 Kg7 35. Rb3 Qd7 36. Rb6 Rc4 37. Qb3 Ra4 38. Be1 f6 39. Rb8 c4 40.
Qb6 g4 41. Rd8 Qf7 42. Ra8 Kg6 43. Rxa6 Rxa6 44. Qxa6 gxf3 45. Rd2 Kh5 46. Qb6 Qg6 47. Qf2 fxg2 48. Qxg2 Nf3+ 49. Kh1 Nxe1 50. Qh3+ Kg5 51. Rd1 Qxe4+ 52. Kg1 Nf3+ 53. Kf2 Qe3+ 54. Kf1 Qg1+ 55. Ke2 Qe3+ 56. Kf1 Nd2+ 57. Rxd2 Qxh3+ 58. Rg2+ Kf5 59. Kg1 Qe3+ 60. Rf2 f3 0-1

[Event "*** Titled Tuesday 3|2 Blitz"]
[Site "Chess.com"]
[Date "2016.10.04"]
[Round "2"]
[White "Grootneus"]
[Black "NoWuss2"]
[Result "0-1"]
[WhiteElo "2009"]
[BlackElo "2054"]
[TimeControl "180+2"]
[EndTime "11:23:26 PDT"]
[Termination "NoWuss2 won by resignation"]

1. e4 Nc6 2. Nf3 d6 3. d4 Nf6 4. Nc3 g6 5. Be2 Bg7 6. O-O O-O 7. Be3 Ng4 8. Bg5 h6 9. Bh4 a6 10. a4 Bd7 11. h3 Nf6 12. e5 Nh7 13. exd6 cxd6 14. Nd5 g5 15. Bg3 f5 16. c3 f4 17.
Bh2 e6 18. Nb4 Nxb4 19. cxb4 Qb6 20. Qb3 Nf6 21. Bc4 Rae8 22. Rfe1 d5 23. Bd3 Bc6 24. a5 Qa7 25. b5 axb5 26. Bxb5 Ne4 27. Bxc6 bxc6 28.
Rec1 Bxd4 29. Nxd4 Qxd4 30. Qf3 c5 31. Rd1 Qxb2 32.
a6 Kg7 33. Rdb1 Qd4 34. Rd1 Qf6 35. Kh1 Ra8 36. Bg1 Rf7 37. Qd3 c4 38. Qb1 f3 39.
g3 Rfa7 40. Qb6 h5 41. g4 hxg4 42. hxg4 Qf4 43. Qxe6 Rh8+ 44. Bh2 Rxh2+ 45. Kg1 Rg2+ 46. Kf1 Nd2+ 47. Rxd2 Qxd2 48. Qe5+ Kh7 49. Qf5+ Kh8 50. Qf6+ Kh7 51. Qf5+ Kh6 52. Qf6+ Kh7 53. Qf5+ Kh8 54. Qf8+ Kh7 55. Qf5+ Kg7 56. Qe5+ Kf7 57. Qf5+ Ke7 58.
Qxf3 Rh2 59. Re1+ Qxe1+ 60. Kxe1 Rxa6 61. Qe3+ Re6 62. Ke2 d4 63. Qxe6+ Kxe6 0-1

[Event "*** Titled Tuesday 3|2 Blitz"]
[Site "Chess.com"]
[Date "2016.10.04"]
[Round "2"]
[White "Mepetmepe"]
[Black "ChessSkool"]
[Result "0-1"]
[WhiteElo "2336"]
[BlackElo "2426"]
[TimeControl "180+2"]
[EndTime "11:23:43 PDT"]
[Termination "ChessSkool won by resignation"]

1. Nf3 d5 2. g3 g6 3. Bg2 Bg7 4. d4 Nf6 5. O-O c6 6. c4 O-O 7.
cxd5 cxd5 8. Ne5 Nc6 9. Nxc6 bxc6 10. Nc3 Nd7 11. Bf4 e5 12. dxe5 Nxe5 13. Rc1 Re8 14. Na4 Bd7 15. b3 g5 16. Be3 Ng4 17. Bd4 Nf6 18. Nc5 Bf5 19. Qd2 h6 20. Qb2 Nh5 21.
Bxg7 Nxg7 22. e3 Rc8 23. Rfd1 Bg4 24. Rd4 Qf6 25. Qa3 Bf3 26. Nd7 Qf5 27. Qd6 Re6 28. Qa3 Bxg2 29. Kxg2 h5 30. h4 Re4 31. Rxe4 Qxe4+ 32. Kg1 Qe6 33. Nc5 Qh3 34. Qa4 Nf5 35.
Rc2 gxh4 36. Qa6 Re8 37. Qxc6 Rf8 38. Qxd5 hxg3 39. Qg2 Qxg2+ 40. Kxg2 gxf2 41. Kxf2 Rc8 42. b4 Nd6 43. Ke2 Kh7 44. Kd3 Kh6 45. a3 h4 46.
Rf2 Kg5 47. e4 Rd8 48. Kc3 h3 49. a4 Kg4 50. e5 Nf5 51. Ne4 Rc8+ 52. Kd3 Rd8+ 53.
Kc3 Ng3 54. Nf6+ Kg5 55. Rf3 Ne2+ 56. Kc4 h2 57. Rh3 Rd4+ 58. Kb5 Rh4 59. Ne4+ Kh5 60. Rxh4+ Kxh4 61. Nf2 Kg3 62. Nh1+ Kg2 63. Ka6 Kxh1 64. e6 fxe6 65. b5 Nc3 66. Kxa7 Nxa4 67. b6 Nxb6 0-1

[Event "*** Titled Tuesday 3|2 Blitz"]
[Site "Chess.com"]
[Date "2016.10.04"]
[Round "2"]
[White "chessbia"]
[Black "MFBerna"]
[Result "1-0"]
[WhiteElo "2032"]
[BlackElo "2146"]
[TimeControl "180+2"]
[EndTime "11:23:50 PDT"]
[Termination "chessbia won by resignation"]

1. d4 d5 2. c4 e6 3. Nf3 Be7 4. Nc3 Nf6 5. Bg5 O-O 6. e3 h6 7.
Bh4 b6 8. cxd5 Nxd5 9. Bxe7 Qxe7 10. Nxd5 exd5 11. Bd3 Be6 12. O-O c5 13. Rc1 Nd7 14.
Bb1 c4 15. Qc2 g6 16. Rfe1 Bf5 17. Qd2 Bxb1 18. Rxb1 f5 19. b3 cxb3 20. axb3 Qd6 21. Rec1 Rfc8 22. g3 a5 23. Ne1 Nf6 24. Nd3 Ne4 25.
Qe1 Kg7 26. f3 Ng5 27. Kg2 Nf7 28. Rc3 Rxc3 29. Qxc3 g5 30. Rc1 Qe6 31. Ne5 Nxe5 32. dxe5 Re8 33. f4 g4 34. Qc6 Qxc6 35. Rxc6 Rb8 36.
Rd6 Rc8 37. Rxb6 Rc2+ 38. Kg1 Rc1+ 39. Kf2 Rc2+ 40. Kf1 Rxh2 41. Rb5 Rb2 42. Rxa5 Rxb3 43. Rxd5 Rxe3 44. Kf2 Rf3+ 45. Kg2 Re3 46. Rd7+ Kg6 47. Rd6+ Kg7 48. Rf6 Re2+ 49. Kf1 Re3 50. Kf2 Ra3 51. Rxf5 Ra2+ 52. Kf1 Ra1+ 53. Ke2 Ra2+ 54. Ke3 Ra3+ 55. Ke4 Rxg3 56. Rh5 Rg1 57. Kf5 g3 58. Rh4 g2 59.
Rg4+ Kf8 60. e6 h5 61. Rg6 h4 62. Kf6 Re1 63. Rxg2 h3 64. Rh2 Re3 65. f5 Ke8 66.
Ra2 Kd8 67. Kf7 Re4 68. f6 Rh4 69. e7+ Kc7 70. e8=Q 1-0

[Event "*** Titled Tuesday 3|2 Blitz"]
[Site "Chess.com"]
[Date "2016.10.04"]
[Round "2"]
[White "LyonBeast"]
[Black "Kubas1010"]
[Result "1-0"]
[WhiteElo "2745"]
[BlackElo "2459"]
[TimeControl "180+2"]
[EndTime "11:23:51 PDT"]
[Termination "LyonBeast won by resignation"]

1. e4 e5 2. Nf3 Nc6 3. Bb5 a6 4. Ba4 Nf6 5. O-O Be7 6. Re1 b5 7.
Bb3 d6 8. c3 O-O 9. h3 Bb7 10.
d4 Re8 11. Nbd2 Bf8 12. d5 Nb8 13. Nf1 Nbd7 14. N3h2 a5 15. Bg5 a4 16. Bc2 c6 17.
dxc6 Bxc6 18. Ng4 Be7 19. Bxf6 Nxf6 20. Nxf6+ Bxf6 21. Ne3 Bg5 22. Nd5 Rc8 23. Qd3 Bxd5 24. Qxd5 Rc5 25. Qd3 Qc7 26. a3 g6 27. Rad1 Rd8 28.
Bb1 Kg7 29. Ba2 Qc8 30. Qg3 Bf4 31. Qf3 f5 32. g3 Bg5 33. h4 Be7 34. h5 Rf8 35. hxg6 hxg6 36. Kg2 fxe4 37. Qxe4 Qf5 38. Qe2 e4 39. Rh1 Qf3+ 40. Qxf3 exf3+ 41. Kf1 Rff5 42. Be6 Rfe5 43. Bg4 Re2 44. Rb1 Bf6 45. Bxf3 Rd2 46. Kg2 d5 47. Rhd1 Rxd1 48. Rxd1 d4 49. cxd4 Rc2 50. d5 Rxb2 51. d6 Bd8 52. d7 Kf6 53.
Rd6+ Ke7 54. Rxg6 Kxd7 55. Ra6 Ra2 56. Bc6+ Ke7 57. Bxb5 Rxa3 58. Bxa4 Bc7 59. f4 Bd6 60. Ra5 Bb4 61. Ra7+ Kf6 62. Ra6+ Ke7 63. f5 Be1 64. Re6+ Kf7 65. Be8+ Kf8 66. Rxe1 Ra2+ 67. Kh3 1-0

[Event "*** Titled Tuesday 3|2 Blitz"]
[Site "Chess.com"]
[Date "2016.10.04"]
[Round "2"]
[White "DavitZarkua"]
[Black "VSERGUEI"]
[Result "1/2-1/2"]
[WhiteElo "2522"]
[BlackElo "2493"]
[TimeControl "180+2"]
[EndTime "11:23:55 PDT"]
[Termination "Game drawn - insufficient material"]

1. Nf3 d5 2. d4 Nf6 3. Nbd2 Bf5 4.
e3 e6 5. Bd3 Bg6 6. O-O Nbd7 7.
Ne5 Nxe5 8. dxe5 Nd7 9. Nf3 Be7 10. b3 O-O 11. Bb2 a5 12. a3 c6 13. Re1 Qc7 14. e4 dxe4 15. Bxe4 Rfd8 16. Bxg6 hxg6 17. Qe2 Nc5 18.
Rad1 Rxd1 19. Rxd1 Rd8 20. Rxd8+ Qxd8 21. Qd2 Qd5 22.
Qxd5 exd5 23. Kf1 Ne6 24. g3 b5 25. Ke2 g5 26. h3 Kf8 27. Kd3 Bc5 28. Ke2 Ke8 29. Bc3 Bxa3 30. Bxa5 b4 31. Bb6 c5 32. Ba7 Kd7 33. Bb8 Bb2 34. h4 gxh4 35. Nxh4 c4 36.
Nf3 Kc6 37. Ba7 Kb5 38. Ke3 Bc1+ 39. Ke2 Bb2 40. Ke3 Bc1+ 41. Ke2 Bb2 42. Be3 d4 43. Bf4 d3+ 44. Kd1 Bc3 45. Be3 g6 46.
g4 Ba1 47. Nd2 dxc2+ 48. Kxc2 cxb3+ 49. Nxb3 Bxe5 50. Kd3 Ka4 51. Nd2 b3 52. Nc4 Bg7 53.
f4 Nc7 54. f5 gxf5 55. gxf5 Kb4 56. Bd2+ Kc5 57. Be3+ Kd5 58. Nd2 b2 59. Kc2 Nb5 60. Nb1 Ke4 61. Bd2 Kxf5 62. Bb4 Ke4 63. Kb3 f5 64.
Kc4 Nd6+ 65. Bxd6 f4 66. Bxf4 Kxf4 67. Kd3 Kf3 68. Kc2 Ke2 69. Na3 Ke3 70. Nc4+ Ke2 71. Nxb2 Bxb2 1/2-1/2

[Event "*** Titled Tuesday 3|2 Blitz"]
[Site "Chess.com"]
[Date "2016.10.04"]
[Round "2"]
[White "Gergo85"]
[Black "Mornar1951"]
[Result "0-1"]
[WhiteElo "2443"]
[BlackElo "2587"]
[TimeControl "180+2"]
[EndTime "11:24:02 PDT"]
[Termination "Mornar1951 won by resignation"]

1. e4 e5 2. Nc3 Nf6 3. g3 d5 4.
exd5 Nxd5 5. Bg2 Nxc3 6. bxc3 Nc6 7. Nf3 Bc5 8. O-O O-O 9. d3 Bg4 10. Qe1 Re8 11. Rb1 Bb6 12. Qe4 Qd7 13. Re1 Bh3 14. Bh1 Bf5 15. Qa4 Rad8 16. Be3 f6 17. Nd2 Be6 18. Nc4 Bd5 19. Bxb6 axb6 20. Ne3 Bxh1 21. Kxh1 Ne7 22. Qb3+ Kf8 23. a4 Nc6 24. Kg1 Qe6 25. Qxe6 Rxe6 26. Nc4 Ra8 27. Ra1 Kf7 28. Reb1 Ra7 29.
Rb5 Re8 30. Nb2 Rea8 31. Re1 Ra5 32. Rxa5 Rxa5 33. Kf1 Ne7 34. Ke2 Nf5 35. Kd2 Nd6 36.
c4 g5 37. Kc3 h5 38. Kb4 Nf5 39. Nd1 Nd4 40. Ne3 c6 41. c3 Ne6 42. d4 exd4 43. cxd4 Nxd4 44. Rd1 Ke6 45. c5 Nf3 46. cxb6 Ra6 47. Nc4 Nxh2 48. a5 Ng4 49. Rd2 h4 50.
gxh4 gxh4 51. Nd6 h3 52. Nxb7 h2 53. Re2+ Kd5 54. Re1 Nxf2 55. Nc5 Ra8 56. a6 Rxa6 57. Rd1+ Nxd1 58. Nxa6 h1=Q 59. b7 Qe1+ 60. Ka4 Nc3+ 61. Ka5 Nb5+ 62. Kb6 Qe3+ 63. Ka5 Qa7 64. b8=Q Qxb8 65.
Nxb8 f5 66. Kb4 f4 67. Nd7 f3 68. Nf6+ Kd4 69. Ng4 Nd6 70. Kb3 Ne4 71. Kc2 f2 72. Nh2 Ng3 73. Kd2 f1=Q 74. Nxf1 Nxf1+ 75. Ke2 Ne3 0-1